TOP OF THE 1ST |
Oakland Oaks batting - Pitching for Detroit Renaissance : RHP Albert Blake
|
Pitching: RHP Albert Blake
|
|
Batting: RHB Rafael Najcrea
|
0-0: Called Strike 0-1: Ball 1-1: Called Strike 1-2: Fly out, F8 (Flyball, 8LXD)
|
Batting: LHB Edwin Church
|
0-0: Called Strike 0-1: Hit by Pitch
|
Batting: LHB Todd Henry
|
0-0: Ball 1-0: Fly out, F9 (Line Drive, 89D)
|
Batting: SHB John Allen
|
0-0: Ground out 3-1 (Groundball, 3L)
|
Top of the 1st over - 0 run(s), 0 hit(s), 0 error(s), 1 left on base; Oakland 0 - Detroit 0 |
BOTTOM OF THE 1ST |
Detroit Renaissance batting - Pitching for Oakland Oaks : RHP Matt Webber
|
Pitching: RHP Matt Webber
|
|
Batting: RHB Kyle Bywaters
|
0-0: DOUBLE (Groundball, 5L)
|
Batting: RHB Bernardo Herrera
|
0-0: Ball 1-0: Ball 2-0: Swinging Strike 2-1: Ball 3-1: Called Strike 3-2: Foul Ball, location: 2F 3-2: Foul Ball, location: 2F 3-2: Base on Balls
|
Batting: LHB Gregory Johnson
|
0-0: Ball 1-0: Ball 2-0: Ball 3-0: Called Strike 3-1: Foul Ball, location: 2F 3-2: Foul Ball, location: 2F 3-2: Foul Ball, location: 2F 3-2: SINGLE (Line Drive, 78S) Kyle Bywaters to third Bernardo Herrera to second Runner from 3rd tries for Home, SAFE, no throw or cutoff
|
Batting: LHB Juan González
|
0-0: Ball 1-0: Ball 2-0: Called Strike 2-1: Ball 3-1: Foul Ball, location: 2F 3-2: Base on Balls Bernardo Herrera to third Gregory Johnson to second
|
Batting: LHB Mike Silver
|
0-0: Ball 1-0: Called Strike 1-1: Foul Ball, location: 2F 1-2: Ball 2-2: Ball 3-2: Base on Balls Bernardo Herrera scores Gregory Johnson to third Juan González to second
|
Batting: RHB Lonnie Conrad
|
0-0: Foul Ball, location: 2F 0-1: Called Strike 0-2: SINGLE (Groundball, 34D) Gregory Johnson scores Juan González to third Mike Silver to second
|
Batting: LHB Gustavo Cortéz
|
0-0: Ball 1-0: Called Strike 1-1: Swinging Strike 1-2: Foul Ball, location: 2F 1-2: Ball 2-2: Foul Ball, location: 2F 2-2: Foul Ball, location: 2F 2-2: Strikes out swinging
|
Batting: LHB Greg Robinson
|
0-0: Swinging Strike 0-1: Foul Ball, location: 2F 0-2: Ball 1-2: Foul Ball, location: 2F 1-2: Fielders Choice at 2nd, 4-6 (Groundball, 4) Juan González scores Mike Silver to third
|
Batting: RHB Eric D'Angle
|
0-0: Called Strike 0-1: Called Strike 0-2: Ball 1-2: Ball 2-2: SINGLE (Groundball, 56D) (infield hit) Mike Silver scores Greg Robinson to second
|
Batting: RHB Kyle Bywaters
|
0-0: Swinging Strike 0-1: Ball 1-1: Ball 2-1: Bunt for hit - play at first, batter OUT! 1-3
|
Bottom of the 1st over - 5 run(s), 4 hit(s), 0 error(s), 0 left on base; Oakland 0 - Detroit 5 |
TOP OF THE 2ND |
Oakland Oaks batting - Pitching for Detroit Renaissance : RHP Albert Blake
|
Batting: RHB Jim Lee
|
0-0: Called Strike 0-1: Foul Ball, location: 2F 0-2: Strikes out swinging
|
Batting: LHB Ron Frazier
|
0-0: Ball 1-0: Ball 2-0: Called Strike 2-1: Foul Ball, location: 2F 2-2: Ball 3-2: Ground out 1-3 (Groundball, 15)
|
Batting: RHB Miguel Fernández
|
0-0: Called Strike 0-1: Fly out, F7 (Line Drive, 7S)
|
Top of the 2nd over - 0 run(s), 0 hit(s), 0 error(s), 0 left on base; Oakland 0 - Detroit 5 |
BOTTOM OF THE 2ND |
Detroit Renaissance batting - Pitching for Oakland Oaks : RHP Matt Webber
|
Batting: RHB Bernardo Herrera
|
0-0: Ball 1-0: Foul Ball, location: 2F 1-1: Ball 2-1: Ball 3-1: Foul Ball, location: 2F 3-2: Base on Balls
|
Batting: LHB Gregory Johnson
|
0-0: Ball 1-0: Ball 2-0: Ball 3-0: Called Strike 3-1: Base on Balls Bernardo Herrera to second
|
Batting: LHB Juan González
|
0-0: Ball 1-0: Ball 2-0: Called Strike 2-1: Ball 3-1: Base on Balls Bernardo Herrera to third Gregory Johnson to second
|
Batting: LHB Mike Silver
|
0-0: Fly out, F8 (Flyball, 8LD) Runner from 3rd tags up, SCORES, no throw Gregory Johnson to third
|
Pitching: LHP John Keller
|
|
Batting: RHB Lonnie Conrad
|
0-0: Ball 1-0: Swinging Strike 1-1: Ball 2-1: Ball 3-1: Base on Balls Juan González to second
|
Batting: LHB Gustavo Cortéz
|
0-0: Called Strike 0-1: Fly out, F9 (Popup, 34D)
|
Batting: LHB Greg Robinson
|
0-0: Ball 1-0: Fly out, F7 (Line Drive, 78S)
|
Bottom of the 2nd over - 1 run(s), 0 hit(s), 0 error(s), 3 left on base; Oakland 0 - Detroit 6 |
TOP OF THE 3RD |
Oakland Oaks batting - Pitching for Detroit Renaissance : RHP Albert Blake
|
Batting: RHB Dave Henderson
|
0-0: Called Strike 0-1: Fly out, F9 (Flyball, 9D)
|
Batting: RHB Roberto Andrade
|
0-0: Called Strike 0-1: Called Strike 0-2: Foul Ball, location: 2F 0-2: Ball 1-2: Fly out, F6 (Popup, 6)
|
Batting: RHB Rafael Najcrea
|
0-0: Ball 1-0: DOUBLE (Line Drive, 7LD)
|
Batting: LHB Edwin Church
|
0-0: Foul Ball, location: 2F 0-1: Ground out U3 (Groundball, 3L)
|
Top of the 3rd over - 0 run(s), 1 hit(s), 0 error(s), 1 left on base; Oakland 0 - Detroit 6 |
BOTTOM OF THE 3RD |
Detroit Renaissance batting - Pitching for Oakland Oaks : LHP John Keller
|
Batting: RHB Eric D'Angle
|
0-0: Ground out 4-3 (Groundball, 4M)
|
Batting: RHB Kyle Bywaters
|
0-0: Called Strike 0-1: Called Strike 0-2: Foul Ball, location: 2F 0-2: Ground out 5-3 (Groundball, 5S)
|
Batting: RHB Bernardo Herrera
|
0-0: Ball 1-0: Swinging Strike 1-1: Foul Ball, location: 2F 1-2: Ball 2-2: Foul Ball, location: 2F 2-2: Foul Ball, location: 2F 2-2: Strikes out swinging
|
Bottom of the 3rd over - 0 run(s), 0 hit(s), 0 error(s), 0 left on base; Oakland 0 - Detroit 6 |
TOP OF THE 4TH |
Oakland Oaks batting - Pitching for Detroit Renaissance : RHP Albert Blake
|
Batting: LHB Todd Henry
|
0-0: Ball 1-0: Foul Ball, location: 2F 1-1: DOUBLE (Groundball, 3L)
|
Batting: SHB John Allen
|
0-0: Ball 1-0: Fly out, F9 (Line Drive, 9M)
|
Batting: RHB Jim Lee
|
0-0: Fly out, F8 (Flyball, 8RD) Runner from 2nd tags up, SAFE at 3rd, no throw
|
Batting: LHB Ron Frazier
|
0-0: DOUBLE (Line Drive, 78D) Todd Henry scores
|
Batting: RHB Miguel Fernández
|
0-0: Foul Ball, location: 2F 0-1: Ball 1-1: Fly out, F8 (Flyball, 8LM)
|
Top of the 4th over - 1 run(s), 2 hit(s), 0 error(s), 1 left on base; Oakland 1 - Detroit 6 |
BOTTOM OF THE 4TH |
Detroit Renaissance batting - Pitching for Oakland Oaks : LHP John Keller
|
Batting: LHB Gregory Johnson
|
0-0: Swinging Strike 0-1: Called Strike 0-2: Strikes out swinging
|
Batting: LHB Juan González
|
0-0: Foul Ball, location: 2F 0-1: Ball 1-1: Fly out, F8 (Flyball, 8RD)
|
Batting: LHB Mike Silver
|
0-0: Ball 1-0: Ball 2-0: Ball 3-0: Called Strike 3-1: Base on Balls
|
Batting: RHB Lonnie Conrad
|
0-0: Called Strike 0-1: Swinging Strike 0-2: Fly out, F4 (Line Drive, 4)
|
Bottom of the 4th over - 0 run(s), 0 hit(s), 0 error(s), 1 left on base; Oakland 1 - Detroit 6 |
TOP OF THE 5TH |
Oakland Oaks batting - Pitching for Detroit Renaissance : RHP Albert Blake
|
Batting: RHB Dave Henderson
|
0-0: Ball 1-0: Ball 2-0: Fly out, F4 (Popup, 4M)
|
Batting: RHB Roberto Andrade
|
0-0: Called Strike 0-1: Ball 1-1: Ball 2-1: Foul Ball, location: 2F 2-2: Ground out 1-3 (Groundball, 15)
|
Batting: RHB Rafael Najcrea
|
0-0: Called Strike 0-1: DOUBLE (Line Drive, 3L)
|
Batting: LHB Edwin Church
|
0-0: Ball 1-0: SINGLE (Line Drive, 4) Rafael Najcrea to third Runner from 3rd tries for Home, SAFE, throw made home
|
Batting: LHB Todd Henry
|
0-0: Swinging Strike 0-1: Called Strike 0-2: Ball 1-2: Foul Ball, location: 2F 1-2: Strikes out looking
|
Top of the 5th over - 1 run(s), 2 hit(s), 0 error(s), 1 left on base; Oakland 2 - Detroit 6 |
BOTTOM OF THE 5TH |
Detroit Renaissance batting - Pitching for Oakland Oaks : LHP John Keller
|
Batting: LHB Gustavo Cortéz
|
0-0: Swinging Strike 0-1: Ball 1-1: Ball 2-1: Ball 3-1: Called Strike 3-2: Foul Ball, location: 2F 3-2: Strikes out swinging
|
Batting: LHB Greg Robinson
|
0-0: Foul Ball, location: 2F 0-1: Foul Ball, location: 2F 0-2: Ball 1-2: Ball 2-2: Strikes out swinging
|
Batting: RHB Eric D'Angle
|
0-0: Ball 1-0: Swinging Strike 1-1: Swinging Strike 1-2: Foul Ball, location: 2F 1-2: Ball 2-2: Strikes out looking
|
Bottom of the 5th over - 0 run(s), 0 hit(s), 0 error(s), 0 left on base; Oakland 2 - Detroit 6 |
TOP OF THE 6TH |
Oakland Oaks batting - Pitching for Detroit Renaissance : RHP Albert Blake
|
Batting: SHB John Allen
|
0-0: Fly out, F7 (Flyball, 78M)
|
Batting: RHB Jim Lee
|
0-0: Ball 1-0: Reached on Error, E6 (Popup, 6S)
|
Batting: LHB Ron Frazier
|
0-0: Ball 1-0: Ball 2-0: Foul Ball, location: 2F 2-1: Fielders Choice at 2nd, 4-6 (Groundball, 4)
|
Batting: RHB Miguel Fernández
|
0-0: Ball 1-0: Ball 2-0: Foul Ball, location: 2F 2-1: Ball 3-1: Called Strike 3-2: 2-RUN HOME RUN (Line Drive, 78XD), Distance : 389 ft
|
Batting: RHB Dave Henderson
|
0-0: Ball 1-0: Foul Ball, location: 2F 1-1: Ball 2-1: Foul Ball, location: 2F 2-2: Ground out 5-3 (Groundball, 5)
|
Top of the 6th over - 2 run(s), 1 hit(s), 1 error(s), 0 left on base; Oakland 4 - Detroit 6 |
BOTTOM OF THE 6TH |
Detroit Renaissance batting - Pitching for Oakland Oaks : LHP John Keller
|
Pitching: RHP José Caballero
|
|
Batting: RHB Kyle Bywaters
|
0-0: Ball 1-0: Ball 2-0: Ball 3-0: Called Strike 3-1: Base on Balls
|
Batting: RHB Bernardo Herrera
|
0-0: Ball 1-0: Sac Bunt - play at first, batter OUT! 1-4 Kyle Bywaters to second
|
Batting: LHB Gregory Johnson
|
0-0: Ball 1-0: Called Strike 1-1: Ball 2-1: Ball 3-1: Ground out 4-3 (Groundball, 4) Kyle Bywaters to third
|
Batting: LHB Juan González
|
0-0: Called Strike 0-1: Ball Wild Pitch! Kyle Bywaters scores 1-1: Called Strike 1-2: Strikes out swinging
|
Bottom of the 6th over - 1 run(s), 0 hit(s), 0 error(s), 0 left on base; Oakland 4 - Detroit 7 |
TOP OF THE 7TH |
Oakland Oaks batting - Pitching for Detroit Renaissance : RHP Albert Blake
|
Batting: RHB Roberto Andrade
|
0-0: Called Strike 0-1: Called Strike 0-2: Foul Ball, location: 2F 0-2: Ball 1-2: Fly out, F9 (Flyball, 9S)
|
Batting: RHB Rafael Najcrea
|
0-0: Fly out, F7 (Flyball, 78M)
|
Batting: LHB Edwin Church
|
0-0: Called Strike 0-1: Foul Ball, location: 2F 0-2: Strikes out swinging
|
Top of the 7th over - 0 run(s), 0 hit(s), 0 error(s), 0 left on base; Oakland 4 - Detroit 7 |
BOTTOM OF THE 7TH |
Detroit Renaissance batting - Pitching for Oakland Oaks : RHP José Caballero
|
Batting: LHB Mike Silver
|
0-0: Foul Ball, location: 2F 0-1: Fly out, F6 (Popup, 6D)
|
Batting: RHB Lonnie Conrad
|
0-0: SINGLE (Line Drive, 7S)
|
Batting: LHB Gustavo Cortéz
|
0-0: Called Strike 0-1: Swinging Strike 0-2: Strikes out swinging
|
Batting: LHB Greg Robinson
|
0-0: Swinging Strike 0-1: Ball 1-1: Ball 2-1: Ball 3-1: Base on Balls Lonnie Conrad to second
|
Batting: RHB Eric D'Angle
|
0-0: Called Strike 0-1: Foul Ball, location: 2F 0-2: Foul Ball, location: 2F 0-2: Strikes out swinging
|
Bottom of the 7th over - 0 run(s), 1 hit(s), 0 error(s), 2 left on base; Oakland 4 - Detroit 7 |
TOP OF THE 8TH |
Oakland Oaks batting - Pitching for Detroit Renaissance : RHP Albert Blake
|
Batting: LHB Todd Henry
|
0-0: Swinging Strike 0-1: Ball 1-1: Ground out 3-1 (Groundball, 3L)
|
Batting: SHB John Allen
|
0-0: Called Strike 0-1: Ball 1-1: Called Strike 1-2: Fly out, F8 (Flyball, 8LM)
|
Batting: RHB Jim Lee
|
0-0: Ball 1-0: Ball 2-0: Ball 3-0: Called Strike 3-1: Base on Balls
|
Batting: LHB Ron Frazier
|
0-0: Ground out U3 (Groundball, 3)
|
Top of the 8th over - 0 run(s), 0 hit(s), 0 error(s), 1 left on base; Oakland 4 - Detroit 7 |
BOTTOM OF THE 8TH |
Detroit Renaissance batting - Pitching for Oakland Oaks : RHP José Caballero
|
Pitching: RHP Nate Rogers
|
|
Batting: RHB Kyle Bywaters
|
0-0: Ball 1-0: Ball 2-0: Fly out, F3 (Popup, 23F)
|
Batting: RHB Bernardo Herrera
|
0-0: Called Strike 0-1: Foul Ball, location: 2F 0-2: Ground out 6-3 (Groundball, 6M)
|
Batting: LHB Gregory Johnson
|
0-0: Ground out 4-3 (Groundball, 34)
|
Bottom of the 8th over - 0 run(s), 0 hit(s), 0 error(s), 0 left on base; Oakland 4 - Detroit 7 |
TOP OF THE 9TH |
Oakland Oaks batting - Pitching for Detroit Renaissance : RHP Albert Blake
|
Batting: RHB Miguel Fernández
|
0-0: Swinging Strike 0-1: Called Strike 0-2: Ground out 6-3 (Groundball, 6MS)
|
Batting: RHB Dave Henderson
|
0-0: Called Strike 0-1: Foul Ball, location: 2F 0-2: Ball 1-2: Ball 2-2: Fly out, F8 (Flyball, 8LS)
|
Batting: RHB Roberto Andrade
|
0-0: Ground out 6-3 (Groundball, 6MS)
|
Top of the 9th over - 0 run(s), 0 hit(s), 0 error(s), 0 left on base; Oakland 4 - Detroit 7 |
|